 Dungeon Crawl Stone Soup version 0.29-a0-72-g1732ff48e7 (webtiles) character file.

Game seed: 14909859493929453618

12803 dracfodder the Fighter (level 11, -5/76 HPs)
             Began as a Gargoyle Berserker on Feb 3, 2022.
             Was an Elder of Trog.
             Slain by a vault guard (8 damage)
             ... on level 13 of the Dungeon.
             The game lasted 00:32:49 (11394 turns).

dracfodder the Fighter (Gargoyle Berserker)        Turns: 11394, Time: 00:32:50

Health: -5/76      AC: 28    Str: 25    XL:     11   Next: 99%
Magic:  11/11      EV: 12    Int:  8    God:    Trog [****..]
Gold:   575        SH:  3    Dex:  9    Spells: 10/10 levels left

rFire   . . .      SeeInvis +   b - +7 flail (vorpal)
rCold   . . .      Faith    .   n - +0 buckler
rNeg    + . .      Spirit   .   Q - +0 plate armour
rPois   ∞          Reflect  .   p - +0 helmet
rElec   +          Harm     .   t - +2 cloak
rCorr   .          Rampage  .   m - +0 pair of gloves
Will    .....                   f - +0 pair of boots
Stlth   ..........              F - amulet of the acrobat
HPRegen 0.22/turn               i - ring of see invisible
MPRegen 0.12/turn               r - +4 ring of evasion

@: on berserk cooldown, slowed, invisible, very slow
A: sickness immunity, AC +8, negative energy resistance 1, electricity
resistance, torment resistance 1, petrification resistance, noise suppression
a: Renounce Religion, Berserk, Trog's Hand, Brothers in Arms


You were on level 13 of the Dungeon.
You worshipped Trog.
Trog was greatly pleased with you.
You visited 1 branch of the dungeon, and saw 13 of its levels.

You collected 575 gold pieces.

Inventory:

Hand Weapons
 a - a +1 antimagic war axe
 b - a +7 vorpal flail (weapon)
 A - a +0 fustibalus
Missiles
 d - 369 stones
 g - 176 arrows
 s - 35 bolts
 B - 21 boomerangs
 D - 27 poisoned darts
 E - a curare-tipped dart
 G - 3 throwing nets
 M - 35 sling bullets
Armour
 f - a +0 pair of boots (worn)
 m - a +0 pair of gloves (worn)
 n - a +0 buckler (worn)
 p - a +0 helmet (worn)
 t - a +2 cloak (worn)
 y - a +2 ring mail of fire resistance
 Q - a +0 plate armour (worn)
Jewellery
 i - a ring of see invisible (left hand)
 o - a ring of flight
 r - a +4 ring of evasion (right hand)
 w - a ring of ice
 F - an amulet of the acrobat (around neck)
 H - a ring of resist corrosion
 K - a ring of willpower
 O - a ring of fire
Wands
 e - a wand of mindburst (4) (quivered)
 C - a wand of digging (3)
 L - a wand of flame (8)
Scrolls
 q - 2 scrolls of fear
 x - 2 scrolls of magic mapping
 I - a scroll of fog {unknown}
Potions
 c - 2 potions of curing
 h - 2 potions of haste
 k - 5 potions of heal wounds
 l - a potion of lignification
 u - 2 potions of might
 z - a potion of flight {unknown}
 N - a potion of berserk rage {unknown}
 P - a potion of ambrosia


   Skills:
 * Level 12.1 Fighting
 + Level 5.8(8.5) Axes
 + Level 10.5(11.3) Maces & Flails
 + Level 0.5 Throwing
 + Level 7.3 Armour
 + Level 5.1 Dodging
 + Level 4.3 Stealth
 + Level 1.8 Shields
 + Level 1.7 Evocations


You had 10 spell levels left.
You didn't know any spells.
Your spell library was empty.

Dungeon Overview and Level Annotations

Branches:
Dungeon (14/15)            Temple (0/1) D:4
   Lair: D:8-11         Orc: D:9-12      Vaults: D:13-14

Altars:
Hepliaklqana
Kikubaaqudgha
Nemelex Xobeh
Qazlal
Sif Muna
Trog
Wu Jian

Shops:
D:2 :   D:4 (   D:5 !


Innate Abilities, Weirdness & Mutations

You are immune to sickness and miasma.
Your stone body is resilient. (AC +8)
You are immune to poison.
You resist negative energy. (rN+)
You are resistant to electric shocks. (rElec)
You are resistant to unholy torment.
You are immune to petrification.
You passively dampen the noise of your surroundings.


Message History

Unknown command.
You hit the human.
The human is severely wounded.
The vault guard hits you with a +1 great mace.
The human closely misses you.
The human hits you but does no damage. x2
The vault guard hits you with a +1 great mace.
The human barely misses you.
You barely miss the human.
The human is severely wounded.
The human barely misses you. The human hits you but does no damage.
The vault guard hits you but does no damage.
The human misses you. You block the human's attack.
You bludgeon the human!!
You kill the human!
Trog accepts your kill.
The vault guard hits you but does no damage.
The human hits you but does no damage.
You closely miss the human.
The vault guard hits you with a +1 great mace.
The human barely misses you. x2; The vault guard barely misses you.
The human closely misses you.
You bludgeon the human!!
The human is severely wounded.
The human hits you but does no damage. x2
The vault guard hits you but does no damage.
The human hits you but does no damage. x2; You block the human's attack.
You hit the human.
The human is severely wounded.
The vault guard hits you with a +1 great mace!
* * * LOW HITPOINT WARNING * * *
The human misses you. The human closely misses you.
The human completely misses you.
You hit the human.
You kill the human!
Trog accepts your kill.
The vault guard hits you with a +1 great mace!
* * * LOW HITPOINT WARNING * * *
The human closely misses you. The human hits you but does no damage.
The vault guard hits you with a +1 great mace!
You die...

.........#
######).# #..#
#..# #..#
###########..#
.............#
.............#
......p@†[...#
######pp####.#
##...# .#
#)''# ##
'...'§#
##...#.#
+...+≈#
#...#§#
+...+§#


You could see a vault guard and 2 humans.

Vanquished Creatures
  Frances (D:14)
  Harold (D:9)
  2 vault guards (D:13)
  2 two-headed ogres (D:10)
  Pikel (D:7)
  2 slime creatures (D:9)
  The ghost of robertstho the Magician, a novice DjFE (D:7)
  A troll (D:10)
  Sigmund (D:4)
  A shadow (D:13)
  6 humans (D:13)
  A wyvern (D:10)
  13 yaks
  Eustachio (D:4)
  Edmund (D:4)
  An acid dragon (D:10)
  Duvessa (D:5)
  A water moccasin (D:7)
  6 orc warriors
  A black bear (D:3)
  3 ice beasts
  3 necrophages
  A centaur (D:9)
  2 ogres (D:9)
  2 kobold brigands
  A scorpion (D:7)
  A gnoll sergeant (D:6)
  A bullfrog (D:7)
  A wyvern zombie (D:9)
  3 water moccasin skeletons
  Dowan (D:5)
  5 killer bees (D:9)
  3 centaur zombies
  2 bullfrog zombies
  2 hounds
  2 jellies
  2 centaur skeletons
  4 orc priests
  2 bullfrog skeletons
  Terence (D:3)
  An iguana (D:3)
  Natasha (thrice) (D:4)
  9 orc wizards
  2 killer bee zombies
  A hound skeleton (D:5)
  2 howler monkey zombies
  8 gnolls (D:6)
  8 adders
  2 white imps
  2 ufetubi (D:5)
  A worm (D:3)
  3 dart slugs
  25 orcs
  4 ball pythons
  2 bats
  3 bat zombies (D:5)
  8 endoplasms
  2 giant cockroaches
  7 goblins
  6 hobgoblins
  4 jackals
  3 quokkas
  3 frilled lizards
  15 kobolds
  2 rats (D:2)
  2 rat zombies (D:5)
215 creatures vanquished.

Notes
Turn   | Place    | Note
-------+----------+-------------------------------------------
     0 | D:1      | dracfodder the Gargoyle Berserker began the quest for the
                  | Orb.
     0 | D:1      | Reached XP level 1. HP: 14/14 MP: 1/1
   210 | D:1      | Reached XP level 2. HP: 10/20 MP: 2/2
   763 | D:1      | Reached skill level 4 in Fighting
   972 | D:2      | Reached XP level 3. HP: 19/24 MP: 3/3
  1037 | D:2      | Found Fowku's Book Boutique.
  1094 | D:1      | Found a faded altar of an unknown god.
  1096 | D:1      | Noticed a floating eye
  1096 | D:1      | Noticed a golden eye
  1097 | D:1      | Noticed a golden eye
  1097 | D:1      | Noticed an eye of devastation
  2427 | D:3      | Noticed a black bear
  2434 | D:3      | Killed a black bear
  2435 | D:3      | Reached skill level 1 in Stealth
  2435 | D:3      | Reached XP level 4. HP: 27/30 MP: 4/4
  2435 | D:3      | Reached XP level 5. HP: 30/34 MP: 5/5
  2563 | D:3      | Noticed Terence
  2577 | D:3      | Killed Terence
  2579 | D:3      | Found a stormy altar of Qazlal.
  2842 | D:3      | Reached ** piety under Trog
  2861 | D:3      | Reached skill level 5 in Fighting
  2956 | D:4      | Noticed Eustachio
  2966 | D:4      | Killed Eustachio
  2967 | D:4      | Reached XP level 6. HP: 37/40 MP: 6/6
  3122 | D:4      | Found Hifud's Weapon Shoppe.
  3122 | D:4      | Noticed Sigmund
  3130 | D:4      | Killed Sigmund
  3131 | D:4      | Reached skill level 1 in Maces & Flails
  3131 | D:4      | Reached XP level 7. HP: 45/45 MP: 7/7
  3137 | D:4      | Noticed Natasha
  3139 | D:4      | Killed Natasha
  3180 | D:4      | Noticed Natasha
  3188 | D:4      | Killed Natasha
  3238 | D:4      | Noticed Natasha
  3245 | D:4      | Killed Natasha
  3246 | D:4      | Reached skill level 6 in Fighting
  3345 | D:4      | Noticed Edmund
  3352 | D:4      | Killed Edmund
  3478 | D:4      | Reached skill level 5 in Axes
  3523 | D:4      | Found a staircase to the Ecumenical Temple.
  3588 | D:4      | Noticed a yak
  3588 | D:4      | Noticed a yak
  3588 | D:4      | Noticed a yak
  3605 | D:4      | Noticed a yak
  3620 | D:4      | Killed a yak
  3621 | D:4      | Reached XP level 8. HP: 28/52 MP: 8/8
  3623 | D:4      | Killed a yak
  3628 | D:4      | Killed a yak
  3632 | D:4      | Killed a yak
  3633 | D:4      | Reached skill level 7 in Fighting
  4700 | D:5      | Entered Level 5 of the Dungeon
  4731 | D:5      | Found Sippaw's Distillery.
  5019 | D:5      | Noticed Duvessa
  5021 | D:5      | Noticed Dowan
  5025 | D:5      | Killed Duvessa
  5026 | D:5      | Reached skill level 5 in Maces & Flails
  5032 | D:5      | Killed Dowan
  5033 | D:5      | Reached XP level 9. HP: 56/57 MP: 9/9
  5074 | D:5      | Reached *** piety under Trog
  5084 | D:5      | Found an ancient bone altar of Kikubaaqudgha.
  5159 | D:5      | Reached skill level 5 in Armour
  5840 | D:6      | Found a sparkling altar of Nemelex Xobeh.
  6202 | D:6      | Reached skill level 8 in Fighting
  7282 | D:7      | Noticed Pikel
  7294 | D:7      | Killed Pikel
  7295 | D:7      | Reached XP level 10. HP: 56/65 MP: 10/10
  7472 | D:7      | Found a runed translucent door.
  7508 | D:7      | Reached skill level 9 in Fighting
  7514 | D:7      | Reached **** piety under Trog
  7784 | D:7      | Noticed robertstho's ghost (novice DjFE)
  7927 | D:7      | Killed robertstho's ghost
  7994 | D:8      | Found an ornate altar of the Wu Jian Council.
  8268 | D:8      | Reached skill level 10 in Fighting
  8749 | D:9      | Killed a very large slime creature
  8750 | D:9      | Reached skill level 1 in Shields
  8868 | D:9      | Gained mutation: You passively dampen the noise of your
                  | surroundings. [potion of mutation]
  9174 | D:9      | Found a bloodstained altar of Trog.
  9320 | D:9      | Found a hazy altar of Hepliaklqana.
  9554 | D:9      | Noticed Harold
  9565 | D:9      | Killed Harold
  9566 | D:9      | Reached XP level 11. HP: 45/73 MP: 11/11
 10005 | D:10     | Entered Level 10 of the Dungeon
 10005 | D:10     | Noticed a two-headed ogre
 10015 | D:10     | Killed a two-headed ogre
 10016 | D:10     | Reached skill level 11 in Fighting
 10429 | D:10     | Found a shimmering blue altar of Sif Muna.
 10445 | D:10     | Noticed a two-headed ogre
 10453 | D:10     | Killed a two-headed ogre
 10454 | D:10     | Reached skill level 1 in Evocations
 11160 | D:11     | You fall into a shaft and drop 3 floors!
 11160 | D:14     | Noticed Frances
 11176 | D:14     | Killed Frances
 11177 | D:14     | Reached skill level 10 in Maces & Flails
 11348 | D:13     | Noticed a vault guard
 11356 | D:13     | Noticed a vault guard
 11359 | D:13     | Killed a vault guard
 11360 | D:13     | Reached skill level 5 in Dodging
 11362 | D:13     | Noticed a vault guard
 11368 | D:13     | Reached skill level 12 in Fighting
 11372 | D:13     | Killed a vault guard
 11394 | D:13     | HP: 3/76 [vault guard (9)]
 11394 | D:13     | Slain by a vault guard

Illustrated notes

Levels and vault maps discovered:
D:1:      lightli_molten_gateway, layout_loops_corners,
          hellmonk_ecumenical_altar_watching_god
D:2:      mumra_celtic_spiral_tile, layout_loops_ring, serial_shops,
          nicolae_shop_behind_doors
D:3:      layout_basic, overflow_temple_1_default, uniq_terence
D:4:      layout_loops_corners, minmay_temple_entry_water_ring, enter_ossuary_2,
          serial_shops, shop_fountains, kennysheep_path_1, uniq_eustachio,
          uniq_natasha, uniq_sigmund, uniq_edmund
D:5:      layout_loops_cross, lemuel_zombie_altar_kikubaaqudgha, serial_shops,
          shop, chequers_serial_rivers_room_b, uniq_duvessa
D:6:      layout_layer_cave, nemelex_xobeh_ov_fountains_minmay,
          grunt_decor_clamped
D:7:      layout_layer_cave, ebering_ghost_reflecting_pool,
          chequers_mini_garden, grunt_decor_fettered, nicolae_zen_rock_garden,
          uniq_pikel
D:8:      layout_cave_pools, overflow_temple_1_default, minivault_24
D:9:      layout_basic, trog_antimagical, nicolae_overflow_crystal_walls,
          uniq_harold
D:10:     layout_cross, mainiacjoe_overflow_paths, serial_rivers,
          chequers_serial_rivers_large_b, chequers_serial_rivers_room_a,
          chequers_serial_rivers_micro_c, chequers_serial_rivers_micro_b,
          chequers_serial_rivers_small_a, chequers_serial_rivers_small_b
D:11:     layout_loops_ring, lair_entry_dummy, hiddenorc1_lemuel
D:13:     layout_long_grid, ximxim_vaults_locker_room
D:14:     layout_loops_cross, serial_shops, shop_fountains, shop_statue,
          nicolae_stop_n_shop_2, nicolae_shop_fire_sale
          [nicolae_sub_dead_trees], uniq_frances

Skill      XL: |  1  2  3  4  5  6  7  8  9 10 11 |
---------------+----------------------------------+-----
Fighting       | 4 5 6 7 8 10 12 | 12.1
Axes           | 3 4 5 |  5.8
Dodging        | 2 3 4 5 |  5.1
Stealth        | 1 2 3 4 |  4.3
Maces & Flails | 1 2 5 7 9 10 | 10.5
Armour         | 3 4 5 6 7 |  7.3
Shields        | 1 |  1.8
Evocations     | 1 |  1.7
Throwing       | |  0.5

Action                   |  1- 3 |  4- 6 |  7- 9 | 10-12 || total
-------------------------+-------+-------+-------+-------++-------
Melee: Hand axe          |    84 |    29 |    19 |       ||   132
       Punch             |     1 |       |     2 |       ||     3
       Flail             |       |    19 |   236 |   284 ||   539
       War axe           |       |       |       |    11 ||    11
Throw: Stone             |       |     4 |       |       ||     4
Invok: Berserk           |     1 |     2 |     3 |     6 ||    12
       Trog's Hand       |       |       |     1 |     5 ||     6
       Brothers in Arms  |       |       |       |     1 ||     1
Evoke: Wand              |       |       |       |    16 ||    16
  Use: Potion            |     1 |       |       |     3 ||     4
       Scroll            |     3 |       |     8 |     7 ||    18
Armor: Animal skin       |    25 |       |       |       ||    25
       Leather armour    |     7 |     2 |       |       ||     9
       Scale mail        |       |    17 |    79 |       ||    96
       Ring mail         |       |       |    47 |    82 ||   129
       Plate armour      |       |       |       |    67 ||    67
Dodge: Dodged            |    47 |    29 |   157 |   209 ||   442
Block: Buckler           |       |       |    21 |    22 ||    43

Table legend: (Time is in decaauts)
 A = Elapsed time spent in this place.
 B = Non-inter-level travel time spent in this place.
 C = Inter-level travel time spent in this place.
 D = Time resting spent in this place.
 E = Time spent auto-exploring this place.
 F = Levels seen in this place.
 G = Mean time per level.
                   A        B        C        D        E       F      G
               +--------+--------+--------+--------+--------+-----+--------+
         Total |  11593 |  11212 |    381 |   1417 |   7800 |  13 |  891.8 |
       Dungeon |  11593 |  11212 |    381 |   1417 |   7800 |  13 |  891.8 |
               +--------+--------+--------+--------+--------+-----+--------+

Top non-repeatable levels by time:
     D:1: 1400 daAuts
     D:4: 1397 daAuts
     D:9: 1373 daAuts
     D:6: 1315 daAuts
    D:10: 1177 daAuts
     D:7: 1162 daAuts
     D:2: 1041 daAuts
     D:3: 957 daAuts
     D:5: 828 daAuts
     D:8: 686 daAuts
    D:13: 136 daAuts
    D:14: 103 daAuts
    D:11: 13 daAuts
